 Dungeon Crawl Stone Soup version 0.21-a0-426-g98080a9 (webtiles) character file.

17 mastercheaf21 the Sneak (level 2, -2/19 HPs)
             Began as an Octopode Assassin on Nov 7, 2017.
             Slain by a hobgoblin
             ... wielding a +0 club
              (6 damage)
             ... on level 1 of the Dungeon.
             The game lasted 00:02:34 (632 turns).

mastercheaf21 the Sneak (Octopode Assassin)          Turns: 632, Time: 00:02:35

Health: -2/19      AC:  1    Str: 10    XL:     2   Next: 62%
Magic:  2/2        EV: 13    Int: 13    God:
Gold:   42         SH:  0    Dex: 13    Spells: 1/1 levels left

rFire    . . .     SeeInvis .   (no weapon)
rCold    . . .     Gourm    .   (no shield)
rNeg     . . .     Faith    .   (helmet restricted)
rPois    .         Spirit   .   (no amulet)
rElec    .         Reflect  .   (no ring)
rCorr    .         Harm     .   (no ring)
MR       .....                  (no ring)
Stlth    ++++......             (no ring)
HPRegen  0.06/turn              (no ring)
MPRegen  0.08/turn              (no ring)
                                (no ring)
                                (no ring)

@: no status effects
A: almost no armour, stealthy swim, amphibious, 8 rings, constrict 8, camouflage
1, gelatinous body 1
a: no special abilities


You were on level 1 of the Dungeon.
You were not hungry.

You visited 1 branch of the dungeon, and saw 1 of its levels.

You collected 42 gold pieces.

Inventory:

Hand Weapons
 a - a +2 dagger
 b - a +0 blowgun
Missiles
 c - 8 poisoned needles
 d - 2 curare-tipped needles
Scrolls
 h - a scroll of remove curse {unknown}
 i - a scroll of identify {unknown}
Potions
 e - a potion of haste {unknown}
 g - a potion of heal wounds {unknown}
Comestibles
 f - 2 bread rations
 j - a meat ration
 k - a chunk of flesh


   Skills:
 - Level 2.0 Fighting
 + Level 2.1 Short Blades
 - Level 2.0 Throwing
 + Level 1.0 Dodging
 + Level 6.3 Stealth


You had one spell level left.
You didn't know any spells.

Dungeon Overview and Level Annotations

Branches:
Dungeon (1/15)

Altars:


Innate Abilities, Weirdness & Mutations

You cannot wear most types of armour.
You are very stealthy in the water. (Stealth+)
You are amphibious.
You can wear up to eight rings at the same time.
You can use your tentacles to constrict eight enemies at once.
Your skin changes colour to match your surroundings (Stealth+).
Your rubbery body absorbs attacks. (AC +1, EV +1)


Message History

Found 13 stones.
A hobgoblin comes into view. It is wielding a club.
The hobgoblin shouts!
You hear a shout!
Found a meat ration.
A hobgoblin comes into view. It is wielding a club.
The kobold hits you. The bat hits you but does no damage.
You miss the kobold. You grab the kobold. You constrict the kobold.
The bat hits you. The kobold hits you.
You tentacle-slap the kobold but do no damage.
The kobold is moderately wounded.
You constrict the kobold. The bat hits you. The kobold hits you.
You barely miss the kobold.
You squeeze the kobold, but do no damage.
The kobold is severely wounded.
You constrict the kobold.
You kill the kobold!
The bat barely misses you. The hobgoblin hits you with a club.
* * * LOW HITPOINT WARNING * * *
The bat closely misses you. The hobgoblin hits you with a club.
You die...

...#### #.##
.#.. ### ...
.. ## #.. #%.
#. ..# #
#...##. .. ###
#..#..#.# ..
..### #...#..#
... ....#
#...g@# ....
....
#...b.###.#..
##
#.###g#......
.# #.###....#
..#
#.#......##
###
#.#.......#
#.#....##..# #
#.#..### #..(
#.#######....#
###


You could see 2 hobgoblins and a bat.

Vanquished Creatures
  An ooze (D:1)
  3 giant cockroaches (D:1)
  2 goblins (D:1)
  2 hobgoblins (D:1)
  3 kobolds (D:1)
  A rat (D:1)
12 creatures vanquished.

Notes
Turn   | Place    | Note
-------+----------+-------------------------------------------
     0 | D:1      | mastercheaf21 the Octopode Assassin began the quest for the Orb.
     0 | D:1      | Reached XP level 1. HP: 14/14 MP: 1/1
   101 | D:1      | Reached XP level 2. HP: 19/19 MP: 2/2
   122 | D:1      | Reached skill level 6 in Stealth
   632 | D:1      | Slain by a hobgoblin

Vault maps used:
D:1:      dpeg_arrival_arbitrary_a

Skill      XL: |  1  2 |
---------------+-------+-----
Stealth        | 6 |  6.3
Fighting       | |  2.0
Short Blades   | |  2.1
Throwing       | |  2.0
Dodging        | |  1.0

Action                   || total
-------------------------++-------
Melee: Dagger            ||    10
       Constrict         ||     6
       Tentacles         ||     5
       Unarmed           ||    15
 Stab: Sleeping          ||     1
Armor: Skin              ||     4
Dodge: Dodged            ||    14

Table legend:
 A = Spawn XP
 B = Non-spawn XP
 C = Spawn XP percentage of total XP
 D = Spawn monster count
 E = Non-spawn monster count
 F = Spawn count percentage of total count
 G = Total turns spent on level
                    A         B        C        D         E        F      G
               +---------+---------+-------+---------+---------+-------+---------
         Total |       0 |      25 |   0.0 |       0 |      12 |   0.0 |   632
               +---------+---------+-------+---------+---------+-------+---------
           D:1 |       0 |      25 |   0.0 |       0 |      12 |   0.0 |   632
               +---------+---------+-------+---------+---------+-------+---------
